 Dungeon Crawl Stone Soup version 0.21.1-1-g345015fe64 (webtiles) character file.

61 Lothor the Cudgeler (level 3, -3/29 HPs)
             Began as a Demonspawn Abyssal Knight on Mar 20, 2018.
             Was a Follower of Lugonu.
             Slain by a hobgoblin (4 damage)
             ... on level 2 of the Dungeon.
             The game lasted 00:08:23 (1104 turns).

Lothor the Cudgeler (Demonspawn Abyssal Knight)     Turns: 1104, Time: 00:08:23

Health: -3/29      AC:  6    Str: 13    XL:     3   Next: 83%
Magic:  4/4        EV: 10    Int: 13    God:    Lugonu [*.....]
Gold:   26         SH:  0    Dex: 12    Spells: 2/2 levels left

rFire    . . .     SeeInvis .   a - +1 mace
rCold    . . .     Gourm    .   (no shield)
rNeg     . . .     Faith    .   j - +0 ring mail
rPois    .         Spirit   .   (no helmet)
rElec    .         Reflect  .   e - +0 cloak
rCorr    .         Harm     .   (no gloves)
MR       +....                  (no boots)
Stlth    ++........             (no amulet)
HPRegen  0.09/turn              h - ring of protection from magic
MPRegen  0.09/turn              (no ring)

@: no status effects
A: nightstalker 1
a: Depart the Abyss, Renounce Religion


You were on level 2 of the Dungeon.
You worshipped Lugonu.
Lugonu was aware of your devotion.
You were hungry.

You visited 1 branch of the dungeon, and saw 2 of its levels.
You visited the Abyss 1 time.

You collected 26 gold pieces.

Inventory:

Hand Weapons
 a - a +1 mace (weapon)
Missiles
 f - 28 arrows
Armour
 b - a +0 leather armour
 e - a +0 cloak (worn)
 j - a +0 ring mail (worn)
Jewellery
 h - a ring of protection from magic (left hand)
Scrolls
 g - a scroll of random uselessness {unknown}
 i - 2 scrolls of identify
 l - a scroll of remove curse {unknown}
Potions
 k - a potion of brilliance {unknown}
 m - a potion of might {unknown}
 n - a potion of cancellation {unknown}
Comestibles
 c - 3 rations


   Skills:
 - Level 3.0 Fighting
 + Level 3.7 Maces & Flails
 - Level 1.7 Armour
 - Level 0.8 Dodging
 + Level 0.7 Stealth
 - Level 2.4 Invocations


You had 2 spell levels left.
You didn't know any spells.

Dungeon Overview and Level Annotations

Branches:
Dungeon (2/15)

Altars:


Innate Abilities, Weirdness & Mutations

You are slightly more attuned to the shadows.


Message History

You sock the bat!
You kill the bat!
Lugonu accepts your kill.
The hobgoblin hits you but does no damage.
The goblin hits you but does no damage.
You closely miss the goblin. The hobgoblin misses you.
The goblin barely misses you. The goblin closely misses you.
The hobgoblin barely misses you.
You closely miss the goblin. The goblin closely misses you.
The goblin hits you but does no damage. The hobgoblin barely misses you.
The goblin hits you but does no damage. The goblin closely misses you.
You hit the goblin.
The goblin is severely wounded.
The goblin no longer looks unusually strong.
The hobgoblin hits you but does no damage.
The goblin closely misses you. The goblin barely misses you.
You completely miss the goblin.
The goblin is severely wounded.
The hobgoblin hits you.
You die...

#...... #K#...
#...######.
#..##..$g..
##.......g..
#..#.######.
#####..#g......
#....)#ggg..###
#<...g@g#####
#....####
#....# #%...#
######


You could see 2 hobgoblins and 4 goblins.

Vanquished Creatures
  Robin (D:2)
  An ooze (D:1)
  A leopard gecko (D:1)
  9 bats
  3 giant cockroaches (D:1)
  10 goblins
  2 hobgoblins (D:1)
  5 kobolds
  7 frilled lizards (D:1)
  2 rats (D:1)
41 creatures vanquished.

Vanquished Creatures (others)
  A gargoyle (D:1)
  4 vine stalkers (D:1)
  An elf (D:1)
  A spriggan (D:1)
  A naga (D:1)
  3 ogres (D:1)
  A centaur (D:1)
  A mummy (D:1)
  An orc (D:1)
  A kobold (D:1)
  4 tentacles (D:1)
19 creatures vanquished.

Grand Total: 60 creatures vanquished

Notes
Turn   | Place    | Note
-------+----------+-------------------------------------------
     0 | Abyss:1  | Lothor the Demonspawn Abyssal Knight began the quest for the Orb.
     0 | Abyss:1  | Reached XP level 1. HP: 18/18 MP: 2/2
     0 | D:1      | Escaped the Abyss
     3 | D:1      | Noticed a vine stalker
     3 | D:1      | Noticed a vine stalker
     3 | D:1      | Noticed an ogre
     3 | D:1      | Noticed a vine stalker
     3 | D:1      | Noticed a kraken
     3 | D:1      | Noticed an ogre
     3 | D:1      | Noticed a gargoyle
     3 | D:1      | Noticed an elf
     3 | D:1      | Noticed a vine stalker
     3 | D:1      | Noticed a spriggan
     3 | D:1      | Noticed a naga
     3 | D:1      | Noticed an ogre
     3 | D:1      | Noticed a centaur
     3 | D:1      | Killed an ogre
     5 | D:1      | Killed an ogre
     6 | D:1      | Killed a vine stalker
     6 | D:1      | Killed a vine stalker
     6 | D:1      | Killed a gargoyle
     7 | D:1      | Killed a vine stalker
     7 | D:1      | Killed an elf
    10 | D:1      | Killed a vine stalker
    11 | D:1      | Killed a naga
    13 | D:1      | Killed an ogre
    14 | D:1      | Killed a spriggan
    15 | D:1      | Killed a centaur
   104 | D:1      | Reached * piety under Lugonu
   165 | D:1      | Gained mutation: You are slightly more attuned to the shadows. [demonic ancestry]
   165 | D:1      | Reached XP level 2. HP: 24/24 MP: 3/3
   555 | D:1      | Reached XP level 3. HP: 27/29 MP: 4/4
  1075 | D:2      | Noticed Robin
  1096 | D:2      | Killed Robin
  1097 | D:2      | HP: 1/29 [goblin/dagger[Robin] (2)]
  1104 | D:2      | Slain by a hobgoblin

Skill      XL: |  1  2 |
---------------+-------+-----
Maces & Flails | 2 3 |  3.7
Fighting       | |  3.0
Armour         | |  1.7
Dodging        | |  0.8
Stealth        | |  0.7
Invocations    | |  2.4

Action                   || total
-------------------------++-------
Melee: Mace              ||   107
Invok: Depart the Abyss  ||     1
  Use: Scroll            ||     1
 Stab: Sleeping          ||     3
Armor: Leather armour    ||    15
       Ring mail         ||    48
Dodge: Dodged            ||    92
